 Dungeon Crawl Stone Soup version 0.31-a0-221-gbddc013574 (webtiles) character file.

Game seed: 16272251570464721207

256 qw the Shooter (level 5, -6/45 HPs)
             Began as a Minotaur Hexslinger on July 3, 2023.
             Mangled by a gnoll
             ... wielding a +0 whip
             ... led by a gnoll bouda
              (8 damage)
             ... on level 4 of the Dungeon.
             The game lasted 00:01:06 (2276 turns).

qw the Shooter (Minotaur Hexslinger)                Turns: 2276, Time: 00:01:06

Health: -6/45      AC:  5    Str: 13    XL:     5   Next: 92%
Magic:  5/5        EV: 11    Int: 10    God:
Gold:   114        SH:  0    Dex: 14    Spells: 5/6 levels left

rFire   . . .        Y - +1 sling
rCold   + . .        (no shield)
rNeg    . . .        a - +0 ring mail {rC+}
rPois   .            (helmet restricted)
rElec   .            (no cloak)
rCorr   .            (no gloves)
SInv    .            (no boots)
Will    .....        e - amulet of faith
Stlth   +            (no ring)
HPRegen 0.27/turn    (no ring)
MPRegen 0.09/turn

%: faith
@: no status effects
A: horns 2, retaliatory headbutt
a: no special abilities


You were on level 4 of the Dungeon.
You visited 1 branch of the dungeon, and saw 4 of its levels.

You collected 114 gold pieces.


Innate Abilities, Weirdness & Mutations

You have a pair of horns on your head.
You reflexively headbutt those who attack you in melee.


   Skills:
 - Level 3.0 Fighting
 + Level 5.5 Ranged Weapons
 - Level 3.0 Armour
 - Level 2.1 Dodging
 - Level 1.0 Spellcasting
 - Level 2.0 Hexes


You had 5 spell levels left.
You knew the following spells:

 Your Spells              Type           Power      Damage    Failure   Level
a - Slow                  Hex            16%        N/A       30%         1

Your spell library contained the following spells:

 Spells                   Type           Power      Damage    Failure   Level
 Inner Flame              Hex/Fire       2%         N/A       80%         3
 Portal Projectile        Hex/Tloc       4%         N/A       80%         3
 Cause Fear               Hex            2%         N/A       97%         4

Inventory:

Hand Weapons
 Y - a +1 sling (weapon)
Armour
 a - a +0 ring mail of cold resistance (worn)
Jewellery
 e - an amulet of faith (around neck)
Scrolls
 c - a scroll of identify
Potions
 d - a potion of invisibility {unknown}
 i - a potion of haste {unknown}

Dungeon Overview and Level Annotations

Branches:
Dungeon (4/15)
 Temple: D:4-7

Altars:
Ashenzari


Message History

The sling bullet barely misses the gnoll bouda.
The gnoll hits you but does no damage. The gnoll bouda closely misses you.
You shoot a sling bullet.
The sling bullet hits the gnoll bouda but does no damage.
The gnoll bouda is moderately wounded.
The gnoll is no longer moving quickly.
The gnoll bouda barely misses you. The gnoll hits you with a +0 whip.
The gnoll bouda hits you but does no damage.
The gnoll hits you with a +0 whip!
You shoot a sling bullet. The sling bullet hits the gnoll bouda.
The gnoll bouda is severely wounded.
The gnoll bouda hits you with a +0 club.
The gnoll closely misses you.
You shoot a sling bullet. The sling bullet hits the gnoll bouda.
The gnoll bouda is almost dead.
The gnoll bouda barks out a call to the hunt!
The gnoll picks up the pace!
The gnoll closely misses you.
You shoot a sling bullet. The sling bullet hits the gnoll bouda.
You kill the gnoll bouda!
The gnoll barely misses you.
You shoot a sling bullet.
The sling bullet barely misses the gnoll.
The gnoll closely misses you.
You shoot a sling bullet. The sling bullet hits the gnoll.
The gnoll is lightly wounded.
The gnoll barely misses you. You furiously retaliate!
You headbutt the gnoll. The gnoll barely misses you.
You shoot a sling bullet.
The sling bullet closely misses the gnoll.
You shoot a sling bullet. The sling bullet hits the gnoll.
The gnoll is severely wounded.
The gnoll hits you with a +0 whip. The gnoll hits you with a +0 club.
You shoot a sling bullet. The sling bullet hits the gnoll.
The gnoll is severely wounded.
The gnoll hits you but does no damage. x2; The gnoll completely misses you.
You shoot a sling bullet. The sling bullet hits the gnoll.
The gnoll is almost dead.
The gnoll hits you with a +0 club! The gnoll hits you with a +0 whip!
You die...

#.#.# #.
#.#.. ... ..
#.#.# #.# ..#
#...#... #.#
#.#.#.# ...
#.#...##.#
#.#?# ...
#...##g###.##
#.#..@g......
#.##(###.###.
#.#### #.##
#..# .....
##.#
#........
#.####
..........
#....#
#.........
####.##
##.........


You could see 2 gnolls.

Vanquished Creatures
  A phantom (D:3)
  A gnoll bouda (D:4)
  An orc priest (D:2)
  4 gnolls
  An adder (D:2)
  A worm (D:3)
  A dart slug (D:2)
  3 orcs
  3 endoplasms
  3 giant cockroaches (D:1)
  7 goblins
  5 hobgoblins
  9 jackals
  4 kobolds
  6 quokkas
  3 ball pythons (D:1)
  7 bats
  9 frilled lizards
  3 rats
72 creatures vanquished.

Notes
Turn   | Place    | Note
-------+----------+-------------------------------------------
     0 | D:1      | qw the Minotaur Hexslinger began the quest for the Orb.
     0 | D:1      | Reached XP level 1. HP: 16/16 MP: 1/1
     0 | D:1      | 0 ||| qw: Version: 0.3-a-40-ge99b1a8
     0 | D:1      | 0 ||| qw: Game counter: 599
     0 | D:1      | 0 ||| qw: Melee chars always use a shield: true
     0 | D:1      | 0 ||| qw: God list: Okawaru
     0 | D:1      | 0 ||| qw: Allow faded altars: false
     0 | D:1      | 0 ||| qw: Do Orc after clearing Dungeon:15 true
     0 | D:1      | 0 ||| qw: Do second Lair branch before Depths: true
     0 | D:1      | 0 ||| qw: Lair rune preference: random
     0 | D:1      | 0 ||| qw: Goals: Normal
     0 | D:1      | 0 ||| PLANNING D:1-11
    82 | D:1      | HP: 3/16 [hobgoblin (4)]
    85 | D:1      | Reached skill level 3 in Ranged Weapons
    85 | D:1      | Reached XP level 2. HP: 4/23 MP: 2/2
    91 | D:1      | HP: 5/23 [giant cockroach (1)]
    96 | D:1      | 96 ||| FLEEEEING.
    97 | D:1      | 97 ||| FLEEEEING.
    98 | D:1      | 98 ||| FLEEEEING.
    99 | D:1      | 99 ||| FLEEEEING.
   101 | D:1      | 101 ||| FLEEEEING.
   102 | D:1      | 102 ||| FLEEEEING.
   104 | D:1      | 104 ||| FLEEEEING.
   105 | D:1      | 105 ||| FLEEEEING.
   106 | D:1      | 106 ||| FLEEEEING.
   107 | D:1      | 107 ||| FLEEEEING.
   108 | D:1      | 108 ||| FLEEEEING.
   109 | D:1      | 109 ||| FLEEEEING.
   110 | D:1      | 110 ||| FLEEEEING.
   112 | D:1      | 112 ||| FLEEEEING.
   113 | D:1      | 113 ||| FLEEEEING.
   115 | D:1      | 115 ||| FLEEEEING.
   116 | D:1      | 116 ||| FLEEEEING.
   117 | D:1      | 117 ||| FLEEEEING.
   118 | D:1      | 118 ||| FLEEEEING.
   119 | D:1      | 119 ||| FLEEEEING.
   120 | D:1      | 120 ||| FLEEEEING.
   121 | D:1      | 121 ||| FLEEEEING.
   122 | D:1      | 122 ||| FLEEEEING.
   123 | D:1      | 123 ||| FLEEEEING.
   124 | D:1      | 124 ||| FLEEEEING.
   125 | D:1      | 125 ||| FLEEEEING.
   126 | D:1      | 126 ||| FLEEEEING.
   127 | D:1      | 127 ||| FLEEEEING.
   128 | D:1      | 128 ||| FLEEEEING.
   129 | D:1      | 129 ||| FLEEEEING.
   130 | D:1      | 130 ||| FLEEEEING.
   202 | D:1      | Reached XP level 3. HP: 28/30 MP: 3/3
   316 | D:1      | HP: 6/30 [goblin/+3 dagger (6)]
   676 | D:1      | 676 ||| UPGRADING to +0 leather armour.
   686 | D:1      | 686 ||| DROPPING +0 robe.
   687 | D:1      | 687 ||| READING scroll labelled HARGHA BA XEXI.
   688 | D:1      | 688 ||| READING scroll labelled ODOLAD KYTH.
   689 | D:1      | 689 ||| DROPPING scroll of poison.
   740 | D:2      | Reached skill level 4 in Ranged Weapons
   863 | D:2      | Reached XP level 4. HP: 29/37 MP: 4/4
  1042 | D:2      | Reached skill level 5 in Ranged Weapons
  1068 | D:2      | Identified the +2 mace "Acuta" {holy, +Blink rF+}
  1234 | D:2      | Found a faded altar of an unknown god.
  1327 | D:2      | 1327 ||| UPGRADING to +0 ring mail.
  1337 | D:2      | 1337 ||| DROPPING +0 leather armour.
  1338 | D:2      | 1338 ||| READING scroll labelled ZUROIS LEON.
  1339 | D:2      | 1339 ||| READING scroll labelled ROUBBE QENK.
  1340 | D:2      | 1340 ||| READING 2 scrolls labelled YMYSUFA KYORCHIECKE.
  1341 | D:2      | 1341 ||| DRINKING 2 blue potions.
  1342 | D:2      | 1342 ||| DROPPING scroll of fear.
  1356 | D:3      | Found a broken altar of Ashenzari.
  1463 | D:3      | Noticed a phantom
  1482 | D:3      | Killed a phantom
  1483 | D:3      | Reached skill level 3 in Armour
  1483 | D:3      | Reached XP level 5. HP: 22/42 MP: 5/5
  1818 | D:3      | Reached skill level 3 in Fighting
  2144 | D:3      | 2144 ||| UPGRADING to +0 ring mail of cold resistance.
  2154 | D:3      | 2154 ||| DROPPING +0 ring mail.
  2155 | D:3      | 2155 ||| UPGRADING to amulet of faith.
  2258 | D:4      | HP: 11/45 [gnoll/+0 flail[a gnoll bouda] (8)]
  2259 | D:4      | 2259 ||| DRINKING potion of heal wounds.
  2274 | D:4      | HP: 11/45 [gnoll/+0 whip[a gnoll bouda] (4)]
  2276 | D:4      | HP: 2/45 [gnoll/+0 club[a gnoll bouda] (7)]
  2276 | D:4      | Mangled by a gnoll

Levels and vault maps discovered:
D:1:      wander_arrival_fairy_ring, layout_basic, nicolae_grassy_gnolls
D:2:      layout_basic, ebering_ecumenical_altar_rust, nrook_campfire
D:3:      layout_loops_cross, ashenzari_conservatory_becter
D:4:      layout_rooms, mainiacjoe_overflow_surrounded_room,
          grunt_decor_clamped, nicolae_concentric_dashed_squares_wild,
          hangedman_decor_slide_cut, kennysheep_cross_room

Skill      XL: |  1  2  3  4  5 |
---------------+----------------+-----
Ranged Weapons | 3 4 5 |  5.5
Fighting       | 2 3 |  3.0
Armour         | 3 |  3.0
Dodging        | |  2.1
Spellcasting   | |  1.0
Hexes          | |  2.0

Action                     |  1- 3 |  4- 6 || total
---------------------------+-------+-------++-------
   Fire: Sling             |   114 |   133 ||   247
    Use: Scroll            |     2 |     3 ||     5
         Potion            |       |     2 ||     2
 Armour: Leather armour    |     8 |     6 ||    14
         Robe              |     4 |       ||     4
         Ring mail         |       |    26 ||    26
  Dodge: Dodged            |    46 |    57 ||   103

Table legend:
 A = Non-vault XP
 B = Vault XP
 C = Vault XP percentage of total XP
 D = Non-vault monster count
 E = Vault monster count
 F = Vault count percentage of total count
                 A         B        C        D         E       F
            +---------+---------+-------+---------+---------+-------
      Total |     353 |      14 |   3.8 |      71 |       1 |   1.4
            +---------+---------+-------+---------+---------+-------
        D:1 |      63 |      14 |  18.2 |      30 |       1 |   3.2
        D:2 |      91 |       0 |   0.0 |      22 |       0 |   0.0
        D:3 |     131 |       0 |   0.0 |      16 |       0 |   0.0
        D:4 |      68 |       0 |   0.0 |       3 |       0 |   0.0
            +---------+---------+-------+---------+---------+-------
